 Dungeon Crawl Stone Soup version 0.16-a0-148-g3b84123 (webtiles) character file.

8811 Bodigarde the Grappler (level 11, 105/105 HPs)
             Began as a Troll Berserker on Aug 14, 2014.
             Was a High Priest of Trog.
             Quit the game in the Ecumenical Temple on Aug 29, 2019.
             The game lasted 01:25:49 (9500 turns).

Bodigarde the Grappler (Troll Berserker)            Turns: 9500, Time: 01:25:49

HP 105/105       AC  6     Str 29      XL: 11   Next: 14%
MP   4/4         EV 16     Int  3      God: Trog [*****.]
Gold 470         SH  0     Dex 19      Spells:  0 memorised, 10 levels left

rFire  . . .     SeeInvis .       - Unarmed
rCold  . . .     Clarity  .     e - +0 robe
rNeg   . . .     rCorr    .     (shield restricted)
rPois  .         rRot     .     (helmet restricted)
rElec  .         Spirit   .     o - +0 cloak
SustAb .         Warding  .     (gloves unavailable)
rMut   .         Stasis   .     (boots unavailable)
Gourm  +                        (no amulet)
MR     .....                    B - +4 ring of dexterity
                                C - +3 ring of dexterity

@: not resistant to hostile enchantments, unstealthy
A: unfitting armour, claws 3, fast metabolism 3, gourmand, regeneration 2,
saprovore 2, shaggy fur 1, strong 1, tough skin 2
a: Burn Spellbooks, Berserk, Trog's Hand, Brothers in Arms, Renounce Religion


You were in the Ecumenical Temple.
You worshipped Trog.
Trog was extremely pleased with you.
You were very full.

You visited 2 branches of the dungeon, and saw 11 of its levels.
You also visited: Ossuary.

You collected 470 gold pieces.

Inventory:

Hand weapons
 P - a +1 giant spiked club
 Z - a +0 blowgun
Missiles
 d - 266 stones (quivered)
 h - 8 tomahawks
 y - 27 poisoned needles
 W - 8 curare-tipped needles
Armour
 e - a +0 robe (worn)
 o - a +0 cloak (worn)
 q - a +0 large shield
Magical devices
 m - a wand of paralysis (7) {unknown}
 n - a wand of cold (12)
 E - a wand of teleportation (4) {unknown}
 O - a wand of frost (5)
 Y - a wand of cold (0)
Comestibles
 a - 10 meat rations
 c - 8 fruits
 l - 9 bread rations
 w - a slice of pizza
 A - a beef jerky
Scrolls
 j - 5 scrolls of teleportation
 u - 2 scrolls of remove curse
 x - a scroll of blinking {unknown}
 z - a scroll of enchant armour {unknown}
 D - a scroll of noise {unknown}
 F - a scroll of magic mapping {unknown}
 G - a scroll of holy word {unknown}
 K - a scroll of fog {unknown}
Jewellery
 s - an uncursed ring of invisibility
 B - a +4 ring of dexterity (right claw)
 C - a +3 ring of dexterity (left claw)
Potions
 g - 3 potions of might
 i - a potion of curing
 p - 2 potions of restore abilities
 r - 2 potions of flight
 v - 3 potions of heal wounds
 I - a potion of porridge
 J - 2 potions of haste
 N - a potion of agility
 U - a potion of poison {unknown}
Books
 T - a Grand Grimoire {highlevel, unknown}

   This book is beyond your current level of understanding.

   Spells                             Type                      Level
   Aura of Abjuration                 Summoning                    6
   Forceful Dismissal                 Summoning                    6
   Summon Greater Demon               Summoning                    7
   Malign Gateway                     Summoning/Translocation      7
   Summon Horrible Things             Summoning                    8
   Trog disapproves of the use of such an item.


   Skills:
 + Level 5.8 Fighting
 + Level 0.3 Throwing
 + Level 7.8 Dodging
 + Level 1.2 Stealth
 + Level 7.2 Shields
 * Level 10.8 Unarmed Combat


You had 10 spell levels left.
You didn't know any spells.

Dungeon Overview and Level Annotations

Branches:
Dungeon (10/15)            Temple (1/1) D:7             Orc (0/4) D:10
   Lair (0/8) D:9

Altars:
Ashenzari
Cheibriados
Dithmenos
Elyvilon
Fedhas
Gozag
Kikubaaqudgha
Makhleb
Nemelex Xobeh
Okawaru
Qazlal
Sif Muna
Trog
Vehumet
Xom
Yredelemnul
Zin
The Shining One

Shops:
D:10 (::(


Innate Abilities, Weirdness & Mutations

You are too large for most types of armour.
You have claws for hands.
Your metabolism is lightning-fast.
You like to eat raw meat.
You heal very quickly.
You can eat rotten meat.
You are covered in fur (AC +1).
You have very tough skin (AC +2).
Your muscles are strong. (Str +2)


Message History

Drop what? (_ for help) (? for menu, Esc to quit)
Okay, then.
Wield which item (- for none, * to show all)? (? for menu, Esc to quit)
You can't wield that with a shield.
Wear which item? (? for menu, Esc to quit)
You're already wearing that object!
You start removing your armour.
You continue taking off your +0 large shield. x5
You finish taking off your +0 large shield.
P - a +0 giant spiked club (weapon)
Read which item? (? for menu, Esc to quit)
Enchant which weapon? (? for menu, Esc to quit)
As you read the scroll of enchant weapon, it crumbles to dust.
Your +0 giant spiked club glows red for a moment.
You are now empty-clawed.
Save game and exit?
Welcome back, Bodigarde the Troll Berserker.
Trog says: Kill them all!
Press ? for a list of commands and other information.
Are you sure you want to abandon this character and quit the game? (Confirm with "yes".)

## #..._...#..._...#..._...# ##
## #.......#.......#.......# ##
.# ##.....###.....###.....## #.
.## ###.### ###.### ###.### ##.
..## #.# #.# #.# ##..
#..#####.#######.#######.#####..#
##.............................##
#.............................#
#...⌠..........@..........⌠...#
#.............................#
##.............................##
#..#####.#######.#######.#####..#
..## #.# #.# #.# ##.. .## ###.###
###.### ###.### ##. .#
##.....###.....###.....## #. ##
#.......#.......#.......# ## #
#..._...#..._...#..._...# ##


There were no monsters in sight!

Vanquished Creatures
  The ghost of runewalsh the Frost Mage, an experienced OpIE of Vehumet (D:8)
  A troll (D:9)
  The ghost of runewalsh the Chiller, an experienced OpIE (D:4)
  Sonja (D:10)
  5 slime creatures (D:10)
  A wraith (D:8)
  A wyvern (D:10)
  2 deep elf magi (D:10)
  A spriggan (D:8)
  4 yaks (D:9)
  A steam dragon (D:9)
  Grum (D:8)
  A hungry ghost (D:7)
  Edmund (D:7)
  2 wolves (D:8)
  6 ice beasts
  2 yellow wasps
  4 orc warriors
  6 sky beasts
  2 centaurs
  2 phantoms (D:7)
  3 ogres
  A crocodile (D:9)
  3 elf zombies (Ossuary)
  4 giant frogs
  An eye of draining (D:10)
  3 killer bees (D:9)
  A water moccasin zombie (D:6)
  3 scorpions
  4 wights (D:9)
  2 goliath beetles
  3 centaur zombies (Ossuary)
  3 electric eels
  4 crimson imps
  A quasit (D:6)
  6 hounds
  A jelly (D:5)
  An iguana (D:10)
  A giant frog skeleton (D:5)
  A human zombie (Ossuary)
  2 orange rats (D:9)
  8 orc wizards
  2 orc priests
  5 worker ants
  A big kobold zombie (Ossuary)
  A big kobold skeleton (D:8)
  A mottled dragon zombie (D:8)
  A hound zombie (D:8)
  An ogre skeleton (D:7)
  3 mummies (Ossuary)
  11 adders
  4 gnolls (D:3)
  A scorpion zombie (D:8)
  3 worms
  6 adder zombies (Ossuary)
  2 adder skeletons
  3 giant geckos
  24 orcs
  16 bats
  4 giant cockroaches
  13 goblins
  8 hobgoblins
  14 jackals
  12 kobolds
  6 quokkas
  A ball python (D:6)
  3 giant newts
  A giant spore (D:7)
  2 gnoll zombies (Ossuary)
  2 goblin zombies (Ossuary)
  5 hobgoblin zombies (Ossuary)
  3 jackal zombies
  2 kobold skeletons
  4 kobold zombies (Ossuary)
  2 orc zombies
  5 quokka zombies
  9 rats
  A rat skeleton (D:6)
  2 rat zombies
  9 ballistomycetes
  A plant (D:8)
296 creatures vanquished.

Vanquished Creatures (others)
  2 orcs
  A giant spore (D:8)
3 creatures vanquished.

Grand Total: 299 creatures vanquished

Notes
Turn   | Place    | Note
--------------------------------------------------------------
     0 | D:1      | Bodigarde, the Troll Berserker, began the quest for the Orb.
     0 | D:1      | Reached XP level 1. HP: 22/22 MP: 1/1
   232 | D:1      | Reached XP level 2. HP: 29/29 MP: 1/1
   870 | D:2      | Reached XP level 3. HP: 27/36 MP: 2/2
  1346 | D:2      | Found an opulent altar of Gozag.
  1361 | D:2      | Found a bloodstained altar of Trog.
  1363 | D:2      | Found an ancient bone altar of Kikubaaqudgha.
  1366 | D:2      | Found a white marble altar of Elyvilon.
  1464 | D:3      | Acquired Trog's second power
  1497 | D:3      | Found a radiant altar of Vehumet.
  1560 | D:3      | Found a blossoming altar of Fedhas.
  1665 | D:3      | Reached XP level 4. HP: 44/44 MP: 2/2
  1960 | D:3      | Reached skill level 1 in Shields
  2197 | D:4      | Reached XP level 5. HP: 48/52 MP: 2/2
  2427 | D:4      | Noticed runewalsh's ghost (experienced OpIE)
  2434 | D:4      | Reached skill level 4 in Unarmed Combat
  2435 | D:4      | Found a shadowy altar of Dithmenos.
  2454 | D:4      | Killed runewalsh's ghost
  2454 | D:4      | Reached XP level 6. HP: 29/61 MP: 3/3
  2852 | D:5      | Entered Level 5 of the Dungeon
  2854 | D:5      | Found a sparkling altar of Nemelex Xobeh.
  2951 | D:5      | Reached XP level 7. HP: 58/67 MP: 3/3
  3251 | D:5      | Reached skill level 5 in Unarmed Combat
  4150 | D:6      | Reached skill level 5 in Dodging
  4228 | D:6      | Reached XP level 8. HP: 63/75 MP: 3/3
  4413 | D:6      | Reached skill level 6 in Unarmed Combat
  4486 | D:6      | Acquired Trog's third power
  4971 | D:7      | Reached skill level 7 in Unarmed Combat
  5053 | D:7      | Found a sand-covered staircase.
  5072 | Ossuary  | Entered an ossuary
  5157 | Ossuary  | Reached XP level 9. HP: 79/84 MP: 4/4
  5217 | Ossuary  | Reached skill level 5 in Shields
  5666 | D:7      | Reached skill level 8 in Unarmed Combat
  5790 | D:7      | Noticed Edmund
  5811 | D:7      | Killed Edmund
  5886 | D:7      | Found a staircase to the Ecumenical Temple.
  5915 | Temple   | Entered the Ecumenical Temple
  6426 | D:8      | Noticed runewalsh's ghost (experienced OpIE)
  6448 | D:8      | Killed runewalsh's ghost
  6570 | D:8      | Reached skill level 9 in Unarmed Combat
  6709 | D:8      | Reached skill level 5 in Fighting
  6922 | D:8      | Noticed Grum
  6926 | D:8      | Reached XP level 10. HP: 96/96 MP: 4/4
  6943 | D:8      | Killed Grum
  7491 | D:8      | Gained mutation: Your muscles are strong. (Str +2) [potion of beneficial mutation]
  7741 | D:9      | Found a staircase to the Lair.
  7842 | D:9      | Reached skill level 1 in Stealth
  8075 | D:9      | Reached skill level 10 in Unarmed Combat
  8443 | D:10     | Entered Level 10 of the Dungeon
  8443 | D:10     | Found Peshro Teni's Weapon Boutique.
  8594 | D:10     | Found Liamil's Book Shop.
  8610 | D:10     | Found Rizeibb's Book Emporium.
  8659 | D:10     | Noticed Sonja
  8816 | D:10     | Found Klusoast's Weapon Boutique.
  8821 | D:10     | Received a gift from Trog
  8875 | D:10     | Reached XP level 11. HP: 66/105 MP: 4/4
  8878 | D:10     | HP: 7/157 [slime creature (11)]
  9226 | D:10     | Found a staircase to the Orcish Mines.
  9270 | D:10     | Killed Sonja
  9500 | Temple   | Quit the game

Action                   |  1- 3 |  4- 6 |  7- 9 | 10-12 || total
-------------------------+-------+-------+-------+-------++-------
Melee: Unarmed           |   106 |   149 |   534 |   278 ||  1067
Throw: Stone             |     1 |     1 |     2 |       ||     4
Invok: Berserk           |       |     2 |     2 |     4 ||     8
       Trog's Hand       |       |     1 |     3 |     3 ||     7
Evoke: Wand              |       |     1 |       |       ||     1
  Use: Scroll            |     1 |       |     8 |    11 ||    20
       Potion            |       |       |       |     4 ||     4
 Stab: Sleeping          |       |       |     2 |     2 ||     4
  Eat: Chunk             |    16 |    11 |    50 |    27 ||   104
